[Event "*** SCC Grand Prix: Titled Tuesday Blitz"]
[Site "Chess.com"]
[Date "2020.10.13"]
[Round "10"]
[White "Jumbo"]
[Black "gmpeter008"]
[Result "1-0"]
[WhiteElo "2756"]
[BlackElo "2418"]
[TimeControl "180+1"]
[EndTime "11:55:54 PDT"]
[Termination "Jumbo won on time"]

1. Nf3 d5 2. g3 Nf6 3. Bg2 c5 4. c4 dxc4 5. Qa4+ Bd7 6. Qxc4 e6 7. Nc3 Bc6 8. O-O Nbd7 9. e4 Rc8 10. Qe2 c4 11. b3 cxb3 12. axb3 a6 13. Bb2 Bb4 14. Nd4 Ne5 15. Na2 Bc5 16. Nxe6 fxe6 17. Bxe5 Bb5 18. Qf3 Bxf1 19. Rxf1 O-O 20. Bh3 Rc6 21. d4 Bxd4 22. Rd1 Bxf2+ 23. Kxf2 Nxe4+ 24. Kg2 Rc2+ 25. Kg1 Qb6+ 26.
Bd4 Rxf3 27. Bxb6 Rxa2 28. Bxe6+ Kf8 29. Bd5 Nc3 30. Bc5+ Ke8 31. Re1+ Re2 32. Bxf3 Rxe1+ 33. Kg2 Re6 34. Bxb7 Nb5 35. b4 Kd7 36. Bf3 g6 37. Bg4 Nc3 38. Kf3 Nd5 39. h4 h5 40. Bh3 Nf6 41.
Bxe6+ Kxe6 42. Kf4 Kf7 43. Ke5 Ng4+ 44. Kd6 Nh2 45.
Kc6 Nf1 46. Bd6 Ne3 47. Kb7 Nd5 48. Kxa6 Ke6 49. Bc5 Kf5 50. b5 Kg4 51. Bd6 g5 52. b6 Nxb6 53. hxg5 1-0

[Event "*** SCC Grand Prix: Titled Tuesday Blitz"]
[Site "Chess.com"]
[Date "2020.10.13"]
[Round "10"]
[White "ViditYT"]
[Black "KuzubovYuriy"]
[Result "1-0"]
[WhiteElo "2888"]
[BlackElo "2892"]
[TimeControl "180+1"]
[EndTime "11:55:55 PDT"]
[Termination "ViditYT won by resignation"]

1. d4 Nf6 2. c4 e6 3. Nf3 d5 4. g3 dxc4 5. Bg2 Bb4+ 6. Bd2 a5 7. Qc2 Bxd2+ 8. Qxd2 c6 9. a4 Ne4 10. Qc1 Nd6 11.
Nbd2 Na6 12. O-O Nb4 13. Nxc4 O-O 14. Rd1 Nxc4 15. Qxc4 b6 16. Rd2 Ba6 17. Qc3 Rc8 18. Rad1 Qe7 19. e4 Rfd8 20. Ne5 h6 21. b3 Rd6 22.
Bf1 Bxf1 23. Kxf1 Qd8 24. Nc4 Rd7 25. h4 Qc7 26. Kg2 Rcd8 27. Qe3 Qb7 28. Ne5 Rd6 29. Nc4 R6d7 30. h5 Qa7 31. g4 b5 32. Ne5 Rd6 33. f4 bxa4 34. bxa4 Rb8 35. g5 hxg5 36. fxg5 c5 37. dxc5 Rxd2+ 38. Rxd2 Qc7 39. Rd6 Rc8 40. Qd4 Nc2 41. Qf2 Nb4 42. h6 gxh6 43. gxh6 f5 44. Qg3+ Kh8 45. Rd7 Qxd7 46. Nxd7 Rg8 47. exf5 exf5 48.
Ne5 Rxg3+ 49. Kxg3 Kh7 50. c6 Na6 51. Kf4 Kxh6 52.
Kxf5 Kg7 53. Ke6 Nc5+ 54. Kd6 Ne4+ 55. Ke7 Nc3 56. c7 Nd5+ 57. Kd8 Nxc7 58. Kxc7 Kf6 59.
Nc6 Ke6 60. Nxa5 Kd5 61. Nc6 Kc5 62. a5 Kb5 63. Kb7 1-0

[Event "*** SCC Grand Prix: Titled Tuesday Blitz"]
[Site "Chess.com"]
[Date "2020.10.13"]
[Round "10"]
[White "KatarinaOstojic"]
[Black "WPWPWP-2015"]
[Result "1-0"]
[WhiteElo "2334"]
[BlackElo "2475"]
[TimeControl "180+1"]
[EndTime "11:55:55 PDT"]
[Termination "KatarinaOstojic won by checkmate"]

1. d4 Nf6 2. Nf3 e6 3. c4 b6 4. g3 Ba6 5. b3 Bb4+ 6. Bd2 Be7 7. Bc3 O-O 8. Bg2 d5 9. Ne5 c6 10. Nd2 Nfd7 11. Nxd7 Nxd7 12. e4 Bb7 13. O-O b5 14. Qe2 bxc4 15. bxc4 Ba6 16. exd5 cxd5 17. Qf3 Nb6 18.
Ba5 Qd7 19. Bxb6 axb6 20. Rfc1 Bb7 21. h4 Rfb8 22. cxd5 Bxd5 23. Qd3 Bxg2 24. Kxg2 Qd5+ 25. Kg1 Bf6 26. Nb3 e5 27. Qf5 Re8 28. dxe5 Rxe5 29.
Rc8+ Rxc8 30. Qxc8+ Qd8 31. Rc1 g6 32. Qxd8+ Bxd8 33. Rc8 Rd5 34. Rc4 Kg7 35. Rd4 Rxd4 36. Nxd4 Kf6 37. Kg2 Bc7 38. Kf3 Ke5 39. Ke3 Kd5 40.
Nb5 Be5 41. Kd3 f5 42. a4 Kc5 43. f4 Bf6 44. Nc7 Bb2 45. Ne6+ Kb4 46. Nf8 Kxa4 47. Nxh7 b5 48. Kc2 Bg7 49. Ng5 b4 50. Ne6 Ka3 51. Kb1 Kb3 52. Nxg7 Kc4 53. h5 gxh5 54. Nxh5 Kd4 55.
Ng7 Ke4 56. Kb2 Kf3 57. Nxf5 Kg4 58. Ne3+ Kxg3 59. f5 Kf4 60. f6 Kxe3 61. f7 Kd4 62. f8=Q Kc4 63. Qf4+ Kb5 64. Kb3 Ka5 65. Qxb4+ Ka6 66.
Kc4 Ka7 67. Kc5 Ka8 68. Kc6 Ka7 69. Qb7# 1-0

[Event "*** SCC Grand Prix: Titled Tuesday Blitz"]
[Site "Chess.com"]
[Date "2020.10.13"]
[Round "10"]
[White "MF1966Idrisov"]
[Black "chiwii"]
[Result "1/2-1/2"]
[WhiteElo "2326"]
[BlackElo "2206"]
[TimeControl "180+1"]
[EndTime "11:55:55 PDT"]
[Termination "Game drawn by repetition"]

1. Nf3 Nf6 2. b3 g6 3. Bb2 Bg7 4. c4 d6 5. d4 O-O 6. g3 Nbd7 7.
Bg2 c5 8. O-O cxd4 9. Nxd4 Ne5 10. Nc3 a6 11. Rc1 Rb8 12. h3 Bd7 13. Nd5 Nc6 14.
Nxf6+ exf6 15. Nxc6 Bxc6 16. Qd4 Bxg2 17. Kxg2 Qc7 18.
Rfd1 Rbd8 19. e4 Rfe8 20. f3 Qc6 21. Qd5 Qb6 22. Bd4 Qc7 23. Rc3 b6 24. a4 Re6 25.
Rcd3 Rb8 26. Be3 b5 27. c5 dxc5 28. Qd8+ Rxd8 29. Rxd8+ Bf8 30. Bh6 Qe7 31. R1d7 Qe8 32. Bxf8 Kxf8 33. Rxe8+ Kxe8 34. Rc7 Re5 35. axb5 axb5 36.
Rb7 c4 37. bxc4 bxc4 38. Rc7 f5 39. Rxc4 fxe4 40. fxe4 Ke7 41. Kf3 h5 42. Kf4 Ra5 43.
Rb4 Kf6 44. h4 Ra6 45. Rd4 Re6 46. Rd5 Ra6 47. Rc5 Re6 48. e5+ Kg7 49. g4 hxg4 50. Kxg4 Ra6 51. Kg5 Re6 52. Kf4 Kh6 53. Rc7 Kg7 54. Rd7 Ra6 55. Rd4 Re6 56. Rc4 Kh6 57. Rb4 Kg7 58. Re4 Kh6 59. Ke3 Kh5 60.
Kd4 g5 61. hxg5 Kxg5 62. Kd5 Kf5 63. Re1 Kg6 64. Rg1+ Kf5 65. Rf1+ Kg6 66. Rf2 Ra6 67. Rg2+ Kf5 68. Rf2+ Kg6 69. Rf1 Ra5+ 70. Kd6 Ra6+ 71. Kd5 Ra5+ 72. Kd4 Ra4+ 73. Kd5 Ra5+ 1/2-1/2

[Event "*** SCC Grand Prix: Titled Tuesday Blitz"]
[Site "Chess.com"]
[Date "2020.10.13"]
[Round "10"]
[White "Sn00pPawn"]
[Black "tan275"]
[Result "1-0"]
[WhiteElo "1980"]
[BlackElo "2182"]
[TimeControl "180+1"]
[EndTime "11:55:55 PDT"]
[Termination "Sn00pPawn won by resignation"]

1. e4 c6 2. d4 d5 3. Nc3 dxe4 4. Nxe4 Bf5 5. Ng3 Bg6 6. Nf3 e6 7. Ne5 Bd6 8. Nxg6 hxg6 9. Ne4 Be7 10. Bf4 Nf6 11.
Qd3 Na6 12. O-O-O Nb4 13. Nxf6+ Bxf6 14. Qb3 Nd5 15. Bg3 Qb6 16. Bc4 Qxb3 17. Bxb3 O-O-O 18. c3 g5 19. Bxd5 Rxd5 20. h3 b5 21. a3 a5 22.
Kc2 Kb7 23. Rde1 Rhd8 24. Re2 b4 25. axb4 axb4 26. Kb3 Rb5 27. c4 Rb6 28. Be5 Bxe5 29. dxe5 c5 30. Ra1 Rd3+ 31. Kc2 Rd4 32. b3 Ra6 33.
Rxa6 Kxa6 34. f3 Kb6 35. Rd2 Rxd2+ 36. Kxd2 Kc6 37. Ke3 f6 38. Ke4 f5+ 39. Ke3 Kd7 40. h4 gxh4 41. Kf4 Ke7 42. Kg5 Kf7 43. f4 Kg8 44. Kxh4 Kh7 45. Kg5 Kg8 46. g4 Kf8 47.
gxf5 exf5 48. Kxf5 Ke7 49. Kg6 Kf8 50. f5 Kg8 51. f6 gxf6 52. exf6 Kf8 53. f7 Ke7 54.
Kg7 1-0

[Event "*** SCC Grand Prix: Titled Tuesday Blitz"]
[Site "Chess.com"]
[Date "2020.10.13"]
[Round "10"]
[White "Indianlad"]
[Black "swimmerchess"]
[Result "0-1"]
[WhiteElo "2897"]
[BlackElo "2793"]
[TimeControl "180+1"]
[EndTime "11:56:03 PDT"]
[Termination "swimmerchess won by resignation"]

1. Nf3 Nf6 2. g3 g6 3. Bg2 Bg7 4. b3 O-O 5. Bb2 d6 6. d4 e5 7.
dxe5 Nfd7 8. O-O Nc6 9. c4 dxe5 10. Nc3 e4 11. Ne1 f5 12. Nc2 Nde5 13. Ne3 Be6 14. Ned5 Qg5 15. Nxc7 Bf7 16. Nxa8 Rxa8 17. f4 exf3 18.
exf3 Rd8 19. f4 Qe7 20. Nd5 Qc5+ 21. Kh1 Nxc4 22. bxc4 Bxb2 23. Rb1 Bd4 24. Qd3 b6 25. h4 Kg7 26. Rfd1 Re8 27. Re1 Rd8 28. a3 Na5 29.
Rbd1 Bb2 30. Bf1 Nxc4 31. Re7 Rxd5 32. Qxd5 Qxe7 33. Qc6 Qe4+ 34. Qxe4 fxe4 35. Rd7 b5 36. a4 a6 37. axb5 axb5 38. Rb7 e3 39. Rxb5 Bd4 40. Rb4 Bd5+ 41. Kh2 Nd2 42. Be2 Bc3 43. Rb5 Bf3 44. Rc5 Bb4 45. Rc7+ Kh6 46. Bd3 e2 47. Bxe2 Bxe2 48.
Kg2 Ne4 49. Kh3 Be1 50. Re7 Bf1+ 51. Kh2 Bxg3+ 52. Kg1 Bd3 53. Kg2 Bxf4 54. Kf3 Bd6 55. Re6 Kg7 56. Ke3 Bf8 57. Ra6 Bxa6 0-1

[Event "*** SCC Grand Prix: Titled Tuesday Blitz"]
[Site "Chess.com"]
[Date "2020.10.13"]
[Round "10"]
[White "rasmussvane"]
[Black "Tooweak2slow03"]
[Result "1-0"]
[WhiteElo "2906"]
[BlackElo "2771"]
[TimeControl "180+1"]
[EndTime "11:56:06 PDT"]
[Termination "rasmussvane won by resignation"]

1. Nf3 e6 2. g3 b6 3. Bg2 Bb7 4. O-O f5 5. d3 Nf6 6. e4 fxe4 7. Ng5 Be7 8. dxe4 Nc6 9. e5 Ng8 10. h4 Qc8 11. Qh5+ g6 12. Qf3 Nd8 13. Ne4 Nf7 14. Bf4 Ngh6 15. Nbc3 Nf5 16. Rad1 O-O 17. Qg4 N7h6 18.
Qe2 Nf7 19. Bh3 Kh8 20. Rfe1 Bc6 21. Nf6 Bxf6 22. exf6 Qb7 23. Qd2 Bf3 24. Qxd7 Bxd1 25. Nxd1 Rad8 26. Qxe6 Qf3 27. Bxf5 Rxd1 28. Bd3 Rxe1+ 29.
Qxe1 Qc6 30. Qe7 Kg8 31. Be4 Qb5 32. a4 Qe8 33. Bd5 Qxe7 34. fxe7 Re8 35. Bg5 Kg7 36. Bc6 Nd6 37. Bxe8 Nxe8 38. Kg2 Kf7 39. Kf3 Nd6 40. Bf4 Ne8 41. Ke4 Kxe7 42. Ke5 c6 43. b3 Nc7 44. Bg5+ Kd7 45. Kf6 Ne6 46. Be3 c5 47. Kf7 a6 48. Kg8 Ke8 49. g4 h5 50. gxh5 gxh5 51.
f4 Nd8 52. Kg7 b5 53. axb5 axb5 54. f5 c4 55. bxc4 bxc4 56. Kg6 Kf8 57. Bc5+ Kg8 58. Kxh5 Kg7 59. Bd4+ Kf7 60. Kg5 Nc6 61. Bc3 Nb8 62. h5 Nd7 63. h6 Nf8 64. Bg7 Nh7+ 65. Kh5 Kg8 66. Kg6 c3 67. f6 Nxf6 68. Bxf6 1-0

[Event "*** SCC Grand Prix: Titled Tuesday Blitz"]
[Site "Chess.com"]
[Date "2020.10.13"]
[Round "10"]
[White "TomiLen"]
[Black "LedakovAlexandr"]
[Result "1-0"]
[WhiteElo "2598"]
[BlackElo "2461"]
[TimeControl "180+1"]
[EndTime "11:56:06 PDT"]
[Termination "TomiLen won by resignation"]

1. d4 Nc6 2. Nf3 d6 3. e4 g6 4.
Be2 Bg7 5. O-O Nf6 6. Nc3 O-O 7.
d5 Nb8 8. Be3 c6 9. h3 a6 10. a4 a5 11. Re1 Na6 12. Bc4 Nb4 13. Qd2 Bd7 14. Bb3 Qc7 15. Bh6 Rae8 16. Rad1 Bc8 17.
dxc6 bxc6 18. e5 dxe5 19. Nxe5 Bf5 20. Bxg7 Kxg7 21. Qe2 Nbd5 22. g4 Be6 23. Nxd5 Nxd5 24. Qf3 Rd8 25. Nd3 Rd6 26. Nc5 Qc8 27. Nxe6+ fxe6 28. Qg3 Nf4 29. c3 c5 30. Qe3 Qd7 31. Kh2 g5 32.
Qxc5 h6 33. Qe5+ Rf6 34. Rd4 Qc6 35. Qe4 Qxe4 36. Rexe4 Rxd4 37. Rxd4 Ne2 38. Rd7 Rxf2+ 39. Kh1 Ng3+ 40. Kg1 Rf7 41. Bxe6 Rf6 42. Bc4 Kf8 43. Ra7 Ne4 44. Rxa5 Nd2 45. Be2 Nb3 46. Ra8+ Kg7 47. a5 Re6 48. Bf1 Re1 49. a6 Nd2 50. Kf2 Rxf1+ 51. Ke2 Rh1 52. Kxd2 Rxh3 53. a7 Rh2+ 54. Kc1 Rh1+ 55. Kc2 Ra1 56. b4 h5 57. gxh5 g4 58. h6+ Kh7 59. Rf8 g3 60. a8=Q Rxa8 61. Rxa8 g2 62. Ra1 1-0

[Event "*** SCC Grand Prix: Titled Tuesday Blitz"]
[Site "Chess.com"]
[Date "2020.10.13"]
[Round "10"]
[White "Chessdude1987"]
[Black "Sergienko_Sergey"]
[Result "0-1"]
[WhiteElo "2279"]
[BlackElo "2403"]
[TimeControl "180+1"]
[EndTime "11:56:07 PDT"]
[Termination "Sergienko_Sergey won on time"]

1. e4 c5 2. b3 Nc6 3. Bb2 e5 4. Nc3 d6 5. Bc4 Be6 6. Nge2 Nf6 7. O-O Be7 8. d3 O-O 9. Nd5 Bxd5 10. exd5 Nb8 11.
f4 exf4 12. Qd2 Nh5 13. Nxf4 Bg5 14. g3 Nxf4 15. gxf4 Bf6 16. d4 a6 17. c3 cxd4 18. cxd4 Nd7 19. a4 Re8 20. Rae1 Nf8 21. Re5 Qd7 22.
Rxe8 Rxe8 23. f5 h6 24. Qd3 Nh7 25. Bc3 Bg5 26. Re1 Nf6 27. Qf3 Rc8 28. a5 Re8 29. Rxe8+ Qxe8 30. Bd3 Qc8 31. Bc4 Qd7 32. Kg2 Ne8 33. Kg3 Bf6 34. h4 Nc7 35. Qe4 Nb5 36. Bb2 Qd8 37. Bxb5 axb5 38. Kh3 Kh7 39. b4 Qc8 40.
Qd3 Qd7 41. Kg4 g6 42. h5 gxh5+ 43. Kxh5 Qe8 44. Bc3 Qg8 45. Qe3 Qg7 46. Qf4 Bg5 47. Qg4 Qf6 48. Qe4 Qg7 49. f6+ Qg6+ 50. Qxg6+ fxg6+ 51. Kg4 Bxf6 52. Kh3 Kg7 53. Kg4 h5+ 54. Kh3 Kf7 55. Kg3 Bg5 56. Be1 Kf6 57. Bf2 Kf5 58. Kf3 Bf6 59. Bg3 Be7 60. Bh2 h4 61. Ke3 g5 0-1

[Event "*** SCC Grand Prix: Titled Tuesday Blitz"]
[Site "Chess.com"]
[Date "2020.10.13"]
[Round "10"]
[White "doons21"]
[Black "davigator"]
[Result "1/2-1/2"]
[WhiteElo "2542"]
[BlackElo "2340"]
[TimeControl "180+1"]
[EndTime "11:56:11 PDT"]
[Termination "Game drawn - insufficient material"]

1. d4 Nf6 2. c4 e6 3. Nc3 Bb4 4. f3 d5 5. a3 Bxc3+ 6. bxc3 c5 7. cxd5 Nxd5 8. dxc5 f5 9. Qd4 O-O 10. c4 Nf6 11. Qxd8 Rxd8 12. Bb2 Na6 13. c6 bxc6 14. Nh3 Nc5 15. Nf4 Kf7 16. Nd3 Na4 17. Be5 Ba6 18.
Rc1 Nd7 19. Ba1 Rab8 20. g4 g6 21. gxf5 exf5 22. h4 Nac5 23. Nb4 Bb7 24. Bc3 Re8 25. Kf2 Ne5 26. h5 g5 27. Rd1 Nxc4 28. Bd4 Rbd8 29. e4 Nxa3 30. exf5 a5 31. Bxc5 Rxd1 32. Bc4+ Nxc4 33.
Rxd1 Bc8 34. Nxc6 Bxf5 35. Rd4 Ne5 36. Nd8+ Kg8 37. Nb7 Nd3+ 38. Kg3 Rb8 39. Nd6 Nxc5 40. Nxf5 a4 41. Rd5 Ne6 42. Rd7 Ra8 43. Nh6+ Kf8 44. Rxh7 Ra6 45. Rb7 a3 46. Rb1 a2 47. Ra1 Nd4 48. Ng4 Nc2 49. Rxa2 Rxa2 50. Ne5 Kg7 51. Kg4 Ne3+ 52. Kxg5 Rg2+ 53. Kf4 Kh7 54. Kxe3 Kh6 55. Kf4 Kxh5 56. Kf5 Rf2 57. f4 Rf1 58. Nd7 Kh6 59.
Nf6 Kg7 60. Ng4 Kf7 61. Ne5+ Kf8 62. Kg5 Kg7 63. Ng4 Rg1 64. f5 Kf7 65. Kf4 Rf1+ 66. Kg5 Rxf5+ 67. Kxf5 1/2-1/2

[Event "*** SCC Grand Prix: Titled Tuesday Blitz"]
[Site "Chess.com"]
[Date "2020.10.13"]
[Round "10"]
[White "thedjoker98"]
[Black "Triumphmate"]
[Result "1-0"]
[WhiteElo "2595"]
[BlackElo "2444"]
[TimeControl "180+1"]
[EndTime "11:56:12 PDT"]
[Termination "thedjoker98 won by resignation"]

1. d4 d5 2. c4 e6 3. Nc3 f5 4.
g3 c6 5. Bg2 Nf6 6. Nh3 Be7 7.
O-O O-O 8. b3 Ne4 9. Qc2 Nd7 10.
Rd1 Ndf6 11. Bb2 Qe8 12. Nf4 Bd7 13. Nd3 Nxc3 14. Bxc3 Bd6 15. Bb4 Bxb4 16. Nxb4 Qe7 17. Nd3 Be8 18. Ne5 Nd7 19. f4 Nxe5 20. dxe5 Bh5 21.
c5 b6 22. Rac1 Rac8 23. Rd4 Rc7 24. Rb4 Rb8 25. e3 h6 26. Qc3 Kh7 27. Qd4 Rbb7 28. cxb6 axb6 29. Rxb6 Rxb6 30. Qxb6 c5 31. Qd6 Qxd6 32.
exd6 Rc6 33. d7 Rd6 34. Rxc5 Rxd7 35. Bf1 d4 36. exd4 Rxd4 37. Rc2 Bf3 38. Bc4 Be4 39. Rb2 Rd1+ 40. Kf2 Rh1 41. Ke3 Re1+ 42. Kd4 Kg6 43. a4 Kf6 44. Kc5 Ra1 45. Kb6 e5 46. fxe5+ Kxe5 47. a5 g5 48. a6 f4 49. gxf4+ gxf4 50. a7 f3 51. b4 Kf4 52. Ra2 Rc1 53. Ba6 Ke3 54.
Bb7 Bb1 55. Rb2 f2 56. Rxf2 Kxf2 57. a8=Q Bd3 58. Qf8+ Ke1 59. Qxh6 Rb1 60. Qe3+ Be2 61. Qc3+ Kf1 62. Ba6 Bxa6 63. Kxa6 Kg2 64. h4 Rf1 65. b5 Rf3 66. Qc6 Kg3 67. Qxf3+ 1-0

[Event "*** SCC Grand Prix: Titled Tuesday Blitz"]
[Site "Chess.com"]
[Date "2020.10.13"]
[Round "10"]
[White "GregShahade"]
[Black "AlexeiShirov"]
[Result "1-0"]
[WhiteElo "2667"]
[BlackElo "2824"]
[TimeControl "180+1"]
[EndTime "11:56:15 PDT"]
[Termination "GregShahade won on time"]

1. e4 e5 2. Nf3 Nc6 3. Bb5 a6 4. Ba4 Nf6 5. O-O b5 6. Bb3 Bc5 7. a4 Rb8 8. c3 d6 9. d4 Bb6 10. a5 Ba7 11. h3 O-O 12. Be3 Re8 13. Ng5 Rf8 14. Re1 Bb7 15. Nxf7 Rxf7 16. Bxf7+ Kxf7 17. d5 Bxe3 18. dxc6 Bxf2+ 19. Kxf2 Bxc6 20. Nd2 b4 21. Kg1 bxc3 22. bxc3 Qd7 23. Rb1 Rf8 24. Qb3+ Kg6 25.
Re3 h6 26. Rf1 Kh7 27. Qd1 Ba4 28. Qe2 Qb5 29. Qxb5 axb5 30. Ra1 Ra8 31. c4 c6 32. Rd3 d5 33. exd5 cxd5 34. cxd5 Rxa5 35. Nb3 e4 36.
Rd4 Ra8 37. Nc5 Rd8 38. d6 Bc2 39. Rc1 Ba4 40. Nxa4 bxa4 41. Ra1 Ne8 42. Raxa4 Rxd6 43. Rxd6 Nxd6 44. Rd4 Nf5 45. Rxe4 Kg6 46. Ra4 Kf6 47. Kf2 g5 48. g3 Kg6 49. Ra6+ Kg7 50. Kf3 Nd4+ 51. Kg4 Ne2 52. Ra7+ Kg6 53. Ra6+ Kg7 54. Re6 Nd4 55. Rd6 Ne2 56. Rd2 Nc3 57. Rd7+ Kg6 58. Rd6+ Kg7 59. Ra6 Ne4 60. Ra7+ Kg6 61. Ra6+ Kg7 62. Rb6 Kh7 63. Rb7+ Kg6 64. Rb6+ Kg7 65.
Re6 Nf2+ 66. Kf5 Nxh3 67. Re7+ 1-0

[Event "*** SCC Grand Prix: Titled Tuesday Blitz"]
[Site "Chess.com"]
[Date "2020.10.13"]
[Round "10"]
[White "Susal_De_Silva"]
[Black "NikolaGry"]
[Result "1-0"]
[WhiteElo "2490"]
[BlackElo "2624"]
[TimeControl "180+1"]
[EndTime "11:56:20 PDT"]
[Termination "Susal_De_Silva won on time"]

1. e4 d6 2. d4 Nf6 3. Bd3 e5 4. c3 Nbd7 5. Nf3 Be7 6. O-O O-O 7. Re1 c6 8. a4 a5 9. Nbd2 Qc7 10. Nf1 Re8 11. Ng3 Nf8 12. h3 Bd7 13. Nf5 Bxf5 14. exf5 N6d7 15. dxe5 dxe5 16. Bc4 Nb6 17. Qb3 Nxc4 18.
Qxc4 Nd7 19. Be3 Bf8 20. Rad1 e4 21. Ng5 Ne5 22. Qxe4 h6 23. Nf3 Nd7 24. Qc4 Nf6 25. Bd4 Rxe1+ 26. Rxe1 Nd5 27. Be5 Qd7 28. f6 g6 29. Bd4 Re8 30. Ne5 Qf5 31. Qf1 Nxf6 32. Nf3 Rxe1 33. Qxe1 Ne4 34. Qe3 Bd6 35. Bb6 Kh7 36.
g4 Qd5 37. Qd4 Qxd4 38. Nxd4 Nd2 39. b3 Be5 40. Bxa5 Bxd4 41. cxd4 Nxb3 42. Bc3 b6 43. Kf1 Kg8 44. Ke2 Kf8 45. Kd3 Ke7 46. Kc2 Na5 47.
Bb4+ Ke6 48. Bd2 Kd5 49. Bxh6 Nc4 50. Kd3 Nd6 51. Be3 c5 52. dxc5 bxc5 53. Kc2 c4 54. a5 Nb5 55. a6 Kc6 56. h4 Na3+ 57.
Kc3 Kb5 58. h5 Nb1+ 59. Kb2 c3+ 60. Kxb1 Kxa6 61. h6 c2+ 62. Kxc2 Kb5 63. h7 Kc6 64. h8=Q 1-0

[Event "*** SCC Grand Prix: Titled Tuesday Blitz"]
[Site "Chess.com"]
[Date "2020.10.13"]
[Round "10"]
[White "amintabatabaei"]
[Black "Fandorine"]
[Result "0-1"]
[WhiteElo "2907"]
[BlackElo "2867"]
[TimeControl "180+1"]
[EndTime "11:56:22 PDT"]
[Termination "Fandorine won on time"]

1. e4 g6 2. d4 Bg7 3. Nc3 d6 4. Nf3 Nf6 5. Be2 O-O 6. O-O Nbd7 7.
Re1 c6 8. a4 a5 9. h3 e5 10. Be3 exd4 11. Bxd4 Re8 12. Bc4 Qc7 13. Qd2 Ne5 14. Nxe5 dxe5 15. Be3 Rd8 16. Qe2 Nh5 17. Rad1 Nf4 18. Qf3 Be6 19. Bf1 Qe7 20. b3 Qb4 21. Bc1 Nh5 22. Bg5 Rd4 23. Ne2 Rxd1 24. Rxd1 h6 25. Bc1 Qc5 26. Qc3 Qxc3 27. Nxc3 Nf6 28. Be3 Bf8 29. g3 Kg7 30. Kg2 Nd7 31. Nb1 Bc5 32.
Rxd7 Bxe3 33. Rxb7 Bc1 34. Nc3 Rd8 35. Bd3 Ba3 36.
h4 Bb4 37. Na2 c5 38. Nxb4 axb4 39. Rc7 Bxb3 40. a5 c4 41. Bxc4 Bxc2 42. Rxf7+ Kh8 43. f3 Rd2+ 44. Kg1 b3 45. Rb7 Rd1+ 46. Kf2 Ra1 47. a6 Ra2 48. Ke3 Ra3 49. Kd2 Ra2 50.
Kc3 Ra4 51. f4 exf4 52. gxf4 Bxe4 53. Rxb3 Kg7 54. Rb6 Ra1 55. Kb4 h5 56. Kc5 Rh1 57.
a7 Rc1 58. Kd4 Bh1 59. Rb8 Rd1+ 0-1

[Event "*** SCC Grand Prix: Titled Tuesday Blitz"]
[Site "Chess.com"]
[Date "2020.10.13"]
[Round "10"]
[White "RoelandPruijssers"]
[Black "Ranindu2003"]
[Result "1-0"]
[WhiteElo "2490"]
[BlackElo "2592"]
[TimeControl "180+1"]
[EndTime "11:56:23 PDT"]
[Termination "RoelandPruijssers won by resignation"]

1. e4 e5 2. f4 exf4 3. Nf3 d5 4.
exd5 Qxd5 5. Nc3 Qd8 6. d4 Bd6 7. Bc4 Ne7 8. Ng5 Ng6 9. Bxf7+ Kf8 10. Qh5 Qe7+ 11. Kd1 Qf6 12. Re1 Bd7 13. Bd2 Nc6 14. Nce4 Qf5 15. c3 Be7 16. Rf1 Rd8 17. h3 Bxg5 18. Nxg5 Nce7 19. g4 Qd3 20. Re1 c5 21. b3 cxd4 22. Bc4 Qg3 23. cxd4 f3 24. Nxh7+ Rxh7 25.
Qxh7 f2 26. Rf1 Qf3+ 27. Kc2 Qe4+ 28. Kb2 Bc6 29. Bc3 Qf3 30. d5 Nxd5 31. Qxg7+ Ke8 32. Rae1+ Nde7 33. Re2 Kd7 34. Rfxf2 Qh1 35. Rd2+ Kc7 36.
Be5+ Kc8 37. Rxd8+ Kxd8 38. Bf6 Be4 39. Rd2+ Kc7 40.
Be5+ Kc6 41. Rd6+ Kc5 42. Rd2 Qb1+ 43. Ka3 Qc1+ 44. Rb2 Qe1 45. Bd4+ Kc6 46. Qf6+ Kc7 47. Be5+ Kd7 48. Qe6+ Kd8 49. Qd6+ Ke8 50. Bb5+ Kf8 51. Bd4 Qa5+ 52. Ba4 b5 53. Qb8+ Kf7 54. Qxb5 Qc7 55. Qc4+ Qxc4 56. bxc4 Ke6 57. Rf2 Kd6 58. Rf6+ Kc7 59.
Kb4 Bb7 60. Bc5 Bc8 61. Bd6+ Kd8 62. Bxe7+ Kxe7 63. Rxg6 1-0

[Event "*** SCC Grand Prix: Titled Tuesday Blitz"]
[Site "Chess.com"]
[Date "2020.10.13"]
[Round "10"]
[White "SophieNikoladze"]
[Black "PlotnikovPavel"]
[Result "1-0"]
[WhiteElo "2270"]
[BlackElo "2363"]
[TimeControl "180+1"]
[EndTime "11:56:25 PDT"]
[Termination "SophieNikoladze won by checkmate"]

1. d4 Nf6 2. Nf3 g6 3. g3 Bg7 4. Bg2 O-O 5. O-O d6 6. c4 Nbd7 7. Nc3 Re8 8. h3 e5 9. e4 c6 10. Re1 Qc7 11. Be3 b6 12. Qc2 Bb7 13. Rad1 Rad8 14. b3 Qb8 15. d5 Qa8 16. Rc1 Nc5 17. b4 Na6 18. a3 cxd5 19. cxd5 Rc8 20. Qa4 Rxc3 21. Rxc3 Nxe4 22. Rd3 Nc7 23. Qd7 Nxd5 24. Ng5 Re7 25. Qa4 Nxg5 26. Bxg5 Rc7 27. Red1 Nc3 28. Rxc3 Rxc3 29. Bxb7 Qxb7 30. Qe8+ Bf8 31. Rxd6 Rc8 32.
Rd8 Rxd8 33. Bxd8 Qc8 34. Kh2 a6 35. g4 b5 36. Kg3 e4 37. Kg2 h6 38. Kg3 Qc3+ 39. Kf4 g5+ 40. Kf5 Qf3+ 41. Ke5 Qf4+ 42. Kd5 Qd2+ 43. Kc6 Qd6+ 44. Kb7 Kg7 45. Bc7 Qd5+ 46.
Kxa6 Qc4 47. Be5+ f6 48. Bxf6+ Kxf6 49. Qxf8+ Ke5 50. Qf5+ Kd4 51. Qd7+ Kc3 52. Qxb5 Qc8+ 53. Qb7 Qe6+ 54. Qb6 Qc4+ 55. b5 Qc8+ 56. Qb7 Qc4 57.
Qc6 Kb3 58. Qxc4+ Kxc4 59. b6 Kd3 60. b7 Ke2 61. b8=Q Kxf2 62. Qe5 e3 63. Qf5+ Ke1 64. Kb7 e2 65. a4 Kd2 66. Qd5+ Kc1 67. Qe4 Kd1 68.
Qd4+ Kc1 69. Qe3+ Kd1 70. Qd3+ Kc1 71. Qxe2 h5 72. gxh5 Kb1 73. h6 Ka1 74. h7 Kb1 75.
h8=Q Kc1 76. Qc3+ Kb1 77. Qcb2# 1-0

[Event "*** SCC Grand Prix: Titled Tuesday Blitz"]
[Site "Chess.com"]
[Date "2020.10.13"]
[Round "10"]
[White "GOGIEFF"]
[Black "youngKID"]
[Result "1/2-1/2"]
[WhiteElo "2878"]
[BlackElo "2829"]
[TimeControl "180+1"]
[EndTime "11:56:26 PDT"]
[Termination "Game drawn by agreement"]

1. d4 Nf6 2. c4 g6 3. Nc3 Bg7 4. e4 d6 5. Be2 a6 6. Be3 c6 7. c5 O-O 8. h3 Nbd7 9. a3 b5 10. Nf3 a5 11. O-O Qc7 12. Qc2 dxc5 13. dxc5 Nh5 14.
Rfd1 Nf4 15. Bf1 Ne6 16. b4 axb4 17. axb4 Rxa1 18. Rxa1 Ndxc5 19. bxc5 b4 20. e5 Bxe5 21. Nb5 cxb5 22. Nxe5 Qxe5 23. Rc1 Nd4 24. Qb1 b3 25. Bxd4 Qxd4 26. Qxb3 b4 27. Rc4 Qa1 28. Rxb4 Be6 29. Qc2 Rc8 30. c6 Qa8 31. Bb5 Bd5 32. Ra4 Qb8 33.
Qc5 Qe5 34. Bc4 Qe1+ 35. Kh2 Bxc6 36. Ra7 Bd7 37. Qd4 Be6 38. Rxe7 Rxc4 39. Qxc4 Qxf2 40. Re8+ Kg7 41. Qc3+ Kh6 42. Qe5 Qf5 43. Qxf5 Bxf5 44. g4 Be6 45. Rg8 f5 46. Re8 Bd5 47. gxf5 gxf5 48.
Kg3 Kg5 49. h4+ Kg6 50. Rd8 Be4 51. Kf4 Kh5 52. Rd6 Bc2 53. Rd7 h6 54. Rd6 Be4 55. Kg3 Bc2 56. Rf6 Be4 57. Kf4 Bc2 58. Rc6 Be4 59.
Rc1 Bd3 60. Rd1 Be4 61. Rd2 Bb1 62. Rh2 Be4 63. Rh3 Bc2 64. Rg3 Be4 65. Rg7 Kxh4 66. Rh7 h5 67. Ra7 Kh3 68. Ra3+ Kg2 69. Kg5 1/2-1/2

[Event "*** SCC Grand Prix: Titled Tuesday Blitz"]
[Site "Chess.com"]
[Date "2020.10.13"]
[Round "10"]
[White "nelsoncopa"]
[Black "Alexandercs432"]
[Result "0-1"]
[WhiteElo "1814"]
[BlackElo "2138"]
[TimeControl "180+1"]
[EndTime "11:56:27 PDT"]
[Termination "Alexandercs432 won on time"]

1. d4 d5 2. c4 dxc4 3. e4 e5 4. d5 Nf6 5. Nc3 b5 6. f3 a6 7. Be3 Nbd7 8. Nge2 Bc5 9. Qd2 O-O 10. a4 Rb8 11.
axb5 axb5 12. g3 Re8 13. Bg2 Qe7 14. O-O Bxe3+ 15. Qxe3 Qc5 16. Qxc5 Nxc5 17. Ra7 Nd3 18. Rb1 Rb7 19. Rxb7 Bxb7 20. b3 Bc8 21. bxc4 bxc4 22.
Nb5 Re7 23. Nec3 g5 24. Ra1 Bb7 25. Ra7 Nc5 26. Bf1 Kg7 27. Bxc4 g4 28. Kf2 h5 29. d6 cxd6 30. Nxd6 gxf3 31. Nxb7 Rxb7 32. Rxb7 Nxb7 33. Kxf3 Nd6 34. Bd5 Ng4 35. h3 Nf6 36. g4 h4 37. Na4 Kg6 38. Nc5 Kg5 39. Nd3 Nxd5 40. exd5 e4+ 41. Ke3 exd3 42. Kxd3 Kf4 43. Kd4 Kg3 44. Ke5 Nc4+ 45. Kd4 Nd6 46. Ke5 Nb5 47. Kf6 Nd6 48. Ke7 Ne4 49. Kxf7 Kxh3 50. Ke6 Kxg4 51. Ke5 Nc5 52. d6 h3 53. Kd5 Nd7 54. Ke6 Nb6 55.
Ke5 Nc4+ 56. Kd4 Nxd6 57. Kc5 Kg3 58. Kxd6 h2 59. Kc5 h1=Q 60. Kc4 Qd1 61. Kc3 Qd8 0-1